 Dungeon Crawl Stone Soup version 0.23-a0-619-g281719c (webtiles) character file.

8593 Lavandula the Cruncher (level 11, -6/69 HPs)
             Began as a Halfling Enchanter on Dec 22, 2018.
             Was a Believer of Makhleb.
             Mangled by a cyclops (29 damage)
             ... on level 11 of the Dungeon.
             The game lasted 00:33:14 (6617 turns).

Lavandula the Cruncher (Halfling Enchanter)         Turns: 6617, Time: 00:33:14

Health: -6/69      AC: 13    Str: 10    XL:     11   Next: 58%
Magic:  0/13       EV: 20    Int: 15    God:    Makhleb [**....]
Gold:   719        SH:  0    Dex: 16    Spells: 0/13 levels left

rFire    . . .     SeeInvis +   m - +3 quarterstaff (chaos)
rCold    . . .     Gourm    .   (shield currently unavailable)
rNeg     . . .     Faith    .   I - +0 steam dragon scales
rPois    .         Spirit   +   C - +2 helmet {SInv}
rElec    .         Reflect  .   n - +2 cloak {+Inv}
rCorr    .         Harm     .   (no gloves)
MR       .....                  K - +1 pair of boots
Stlth    +.........             H - amulet of guardian spirit
HPRegen  0.21/turn              B - ring of attention (curse)
MPRegen  0.13/turn              A - +2 ring of evasion

@: very slightly contaminated
A: small, mutation resistance 1
a: Minor Destruction, Renounce Religion, Evoke Invisibility


You were on level 11 of the Dungeon.
You worshipped Makhleb.
Makhleb was pleased with you.
You were not hungry.

You visited 4 branches of the dungeon, and saw 15 of its levels.

You collected 719 gold pieces.

Inventory:

Hand Weapons
 m - a +3 quarterstaff of chaos (weapon)
 D - a +2 dagger of venom
Missiles
 a - 2 throwing nets (quivered)
 L - 6 tomahawks
Armour
 n - a +2 cloak of invisibility (worn)
 x - a +0 troll leather armour
 C - a +2 helmet of see invisible (worn)
 I - +0 steam dragon scales (worn)
 K - a +1 pair of boots (worn)
Magical Staves
 M - an uncursed staff of cold
Jewellery
 k - an uncursed ring of see invisible
 p - an uncursed ring of flight
 s - an uncursed ring of ice
 t - an uncursed ring of protection from fire
 A - a +2 ring of evasion (right hand)
 B - a cursed ring of attention (left hand)
 G - an uncursed ring of resist corrosion
 H - an amulet of guardian spirit (around neck)
Wands
 q - a wand of flame (40)
 F - a wand of random effects (16)
Scrolls
 e - a scroll of fear
 f - 4 scrolls of immolation
 j - 5 scrolls of teleportation
 l - a scroll of blinking
 o - a scroll of magic mapping
 r - a scroll of enchant weapon {unknown}
 v - a scroll of noise {unknown}
 y - a scroll of fog {unknown}
 N - a scroll of remove curse {unknown}
Potions
 b - 2 potions of ambrosia
 c - a potion of heal wounds {unknown}
 g - a potion of might
 h - 5 potions of curing
 i - 2 potions of lignification
 w - a potion of magic {unknown}
 z - a potion of haste {unknown}
 E - a potion of brilliance {unknown}
 J - a potion of cancellation {unknown}
Comestibles
 d - 13 rations


   Skills:
 - Level 4.2 Fighting
 - Level 3.9 Short Blades
 - Level 12.6 Staves
 - Level 5.1 Dodging
 - Level 3.2 Stealth
 - Level 1.5 Spellcasting
 - Level 2.4 Hexes
 + Level 2.2 Poison Magic


You couldn't memorise any spells.
You knew the following spells:

 Your Spells              Type           Power        Failure   Level  Hunger
a - Corona                Hex            #......      9%          1    ##.....
b - Ensorcelled Hibernat  Hex/Ice        #.....       22%         2    ###....
c - Confuse               Hex            #.......     26%         3    ####...
d - Dazzling Spray        Conj/Hex       #.....       38%         3    ####...
e - Olgreb's Toxic Radia  Pois           #.......     67%         4    #####..

Your spell library contained the following spells:

 Spells                   Type           Power        Failure   Level  Hunger
 Sting                    Conj/Pois      #...         16%         1    ##.....
 Poisonous Vapours        Pois/Air       #.....       22%         2    ###....
 Magic Dart               Conj           #...         24%         1    ##.....
 Tukima's Dance           Hex            #.......     26%         3    ####...
 Searing Ray              Conj           #.....       34%         2    ###....
 Mephitic Cloud           Conj/Pois/Air  #.......     45%         3    ####...
 Fulminant Prism          Conj/Hex       #.........   80%         4    #####..
 Force Lance              Conj/Tloc      #.......     93%         4    #####..
 Iskenderun's Mystic Bla  Conj           #.......     93%         4    #####..
 Venom Bolt               Conj/Pois      #.........   99%         5    ######.


Dungeon Overview and Level Annotations

Branches:
Dungeon (11/15)            Temple (1/1) D:7            Lair (1/6) D:9
    Orc (2/2) D:9
    Elf: Orc:2

Altars:
Ashenzari
Dithmenos
Elyvilon
Fedhas
Gozag
Hepliaklqana
Makhleb
Nemelex Xobeh
Okawaru
Qazlal
Ru
Sif Muna
Uskayaw
Wu Jian
Xom
Yredelemnul
Zin
The Shining One
Beogh

Shops:
D:9 [

Annotations:
D:3 Sigmund


Innate Abilities, Weirdness & Mutations

You are small and have problems with some larger weapons.
You are somewhat resistant to further mutation.


Message History

The cyclops hits you!
You hit the cyclops but do no damage.
The cyclops flickers and vanishes for a moment.
The cyclops is lightly wounded.
You hit the cyclops. You burn the cyclops.
The cyclops is lightly wounded.
The cyclops hits you.
You hit the cyclops.
The cyclops goes berserk!
The cyclops is moderately wounded.
You sock the cyclops!
The cyclops is poisoned.
The cyclops is moderately wounded.
The cyclops hits you!!
Okay, then.
Evoke which item? (* to show all) (? for menu, Esc to quit)
Okay, then.
Okay, then.
You barely miss the cyclops.
The cyclops is heavily wounded.
The cyclops hits you!!
You die...

#..
##.##
.# .
#.#.#
#.#.#C#
#.#.#..
#.#.#..
#.#.#.#
#.#.#.#
#.#.#.#
#.#@#.#
##C#
###


You could see a cyclops (berserk).

Vanquished Creatures
  The ghost of melvinkitnick the Transmogrifier, a journeyman GnWn of Fedhas (D:10)
  A two-headed ogre (D:7)
  Pikel (D:7)
  3 trolls
  A hornet (D:7)
  A shadow (D:7)
  4 hungry ghosts
  A steam dragon (D:7)
  2 water moccasins
  2 ice beasts (D:9)
  An eye of draining (D:8)
  A necrophage (D:9)
  8 orc warriors
  A slave (D:7)
  3 phantoms
  A sky beast (D:10)
  3 ogres
  4 centaurs
  3 big kobolds
  Blork the orc (D:5)
  A bullfrog (D:8)
  A water moccasin zombie (D:7)
  13 killer bees (D:9)
  2 scorpions
  9 wights
  An electric eel (D:9)
  2 crimson imps
  A bullfrog zombie (D:6)
  A quasit (D:8)
  2 centaur skeletons
  4 orc priests
  6 hounds
  A jelly (D:8)
  10 orc wizards
  Crazy Yiuf (D:2)
  A bullfrog skeleton (D:9)
  Jessica (D:2)
  An iguana (D:8)
  6 worker ants
  A hound skeleton (D:7)
  A worker ant zombie (D:7)
  4 gnolls (D:5)
  6 adders
  3 shadow imps
  2 oozes
  3 adder skeletons
  2 worms
  A dart slug (D:2)
  4 leopard geckos
  29 orcs
  4 giant cockroaches
  5 goblins
  6 hobgoblins
  8 jackals
  8 kobolds
  3 quokkas
  A ball python (D:7)
  A ball python zombie (D:5)
  4 bats
  3 frilled lizards
  A quokka skeleton (D:8)
  A quokka zombie (D:5)
  7 rats
215 creatures vanquished.

Vanquished Creatures (others)
  2 slaves (D:7)
  A centaur (D:7)
  A kobold (D:9)
  A quokka skeleton (D:7)
5 creatures vanquished.

Grand Total: 220 creatures vanquished

Notes
Turn   | Place    | Note
-------+----------+-------------------------------------------
     0 | D:1      | Lavandula the Halfling Enchanter began the quest for the
                  | Orb.
     0 | D:1      | Reached XP level 1. HP: 11/11 MP: 3/3
    86 | D:1      | Reached XP level 2. HP: 13/17 MP: 2/4
    98 | D:1      | Learned a level 2 spell: Ensorcelled Hibernation
   452 | D:2      | Reached XP level 3. HP: 17/21 MP: 5/5
   574 | D:2      | Found a glowing golden altar of the Shining One.
   617 | D:2      | Found a runed door.
   627 | D:2      | Noticed Crazy Yiuf
   644 | D:2      | Killed Crazy Yiuf
   644 | D:2      | Reached skill level 1 in Fighting
   644 | D:2      | Reached XP level 4. HP: 28/28 MP: 0/6
   877 | D:2      | Noticed Jessica
   886 | D:2      | Killed Jessica
   886 | D:2      | Reached skill level 1 in Staves
   886 | D:2      | Reached XP level 5. HP: 23/33 MP: 7/7
   913 | D:3      | Noticed Sigmund
   913 | D:3      | Noticed an orc warrior
  1090 | D:3      | Killed an orc warrior
  1090 | D:3      | Reached skill level 3 in Staves
  1090 | D:3      | Reached XP level 6. HP: 19/38 MP: 2/8
  1348 | D:5      | Entered Level 5 of the Dungeon
  1428 | D:4      | Noticed an ogre
  1431 | D:4      | Killed an ogre
  1431 | D:4      | Reached skill level 4 in Staves
  1480 | D:4      | Reached XP level 7. HP: 19/43 MP: 9/9
  1491 | D:4      | Learned a level 3 spell: Confuse
  1495 | D:4      | Learned a level 3 spell: Dazzling Spray
  1925 | D:4      | Found an opulent altar of Gozag.
  2097 | D:5      | Reached skill level 5 in Staves
  2098 | D:5      | Noticed Blork the orc
  2109 | D:5      | Killed Blork the orc
  2836 | D:6      | Reached XP level 8. HP: 44/48 MP: 10/10
  2841 | D:6      | Reached skill level 6 in Staves
  2923 | D:6      | Found a white marble altar of Elyvilon.
  3100 | D:6      | Reached skill level 7 in Staves
  3543 | D:7      | Noticed Pikel
  3560 | D:7      | Killed Pikel
  3560 | D:7      | Reached skill level 8 in Staves
  3560 | D:7      | Reached XP level 9. HP: 41/53 MP: 8/11
  3737 | D:6      | Reached skill level 9 in Staves
  3817 | D:7      | Found a staircase to the Ecumenical Temple.
  3824 | Temple   | Entered the Ecumenical Temple
  3929 | Temple   | Became a worshipper of Makhleb the Destroyer
  4155 | D:7      | Noticed a two-headed ogre
  4309 | D:8      | Found a sacrificial altar of Ru.
  4521 | D:8      | Reached skill level 10 in Staves
  4662 | D:7      | Reached * piety under Makhleb
  4691 | D:7      | Reached XP level 10. HP: 23/59 MP: 4/12
  4914 | D:7      | Killed a two-headed ogre
  4914 | D:7      | Reached skill level 11 in Staves
  5194 | D:7      | Paralysed by a hornet for 2 turns
  5596 | D:9      | Reached ** piety under Makhleb
  5614 | D:9      | Found a staircase to the Orcish Mines.
  5615 | D:9      | Found Niwiagro's Armour Emporium.
  5640 | D:9      | Reached skill level 5 in Dodging
  5655 | D:9      | Reached XP level 11. HP: 62/63 MP: 10/13
  5666 | Orc:1    | Entered Level 1 of the Orcish Mines
  5676 | Orc:2    | Entered Level 2 of the Orcish Mines
  5830 | Orc:2    | Found a roughly hewn altar of Beogh.
  5909 | Orc:2    | Found a roughly hewn altar of Beogh.
  6133 | D:9      | Found a staircase to the Lair.
  6149 | D:9      | Reached skill level 12 in Staves
  6194 | Lair:1   | Entered Level 1 of the Lair of Beasts
  6380 | D:10     | Entered Level 10 of the Dungeon
  6386 | D:10     | Found a runed door.
  6427 | D:10     | Noticed melvinkitnick's ghost (journeyman GnWn)
  6442 | D:10     | Killed melvinkitnick's ghost
  6460 | D:10     | Learned a level 4 spell: Olgreb's Toxic Radiance
  6503 | D:9      | Reached skill level 1 in Poison Magic
  6600 | D:11     | Noticed a cyclops
  6617 | D:11     | Mangled by a cyclops

Vault maps used:
D:1:      minmay_arrival_semitransparent
D:2:      lemuel_crystal_altar, uniq_crazy_yiuf_cottage, uniq_jessica
D:3:      grunt_temple_overflow_open, uniq_sigmund
D:4:      first_ration, nicolae_gozag_seed_capital
D:5:      item_on_display_a, uniq_blork_the_orc
D:6:      elyvilon_altar_5
D:7:      kennysheep_windowed_halls, minmay_temple_entry_enclosed_plants,
          gammafunk_ghost_hive, grunt_ogre_cave, uniq_pikel
D:8:      nicolae_overflow_crystal_walls
D:9:      lemuel_doored_altar, lair_entry_dummy, orc_david_3,
          nemelex_dance_club_becter, uniq_harold
D:10:     ebering_ghost_reflecting_pool
D:11:     minmay_the_grid_octo_tiled_octocenter, serial_glass, glass_columns_b,
          glass_columns_a, glass_columns_b, glass_columns_b, glass_columns_b,
          glass_columns_a, glass_columns_a, glass_columns_a,
          minmay_strange_pillars, minmay_strange_pillars, unseen_surprise_small,
          due_unseen_surprise, basic_altar, kb_rosetta, uniq_fannar, uniq_erica
Temple:   regret_index_temple_sphere_string
Orc:1:    cheibrodos_orc_guarddog
Orc:2:    grunt_orc_community_town_hall, grunt_orc_community_big_house_2,
          grunt_orc_community_big_house_1, grunt_orc_community_house_1,
          grunt_orc_community_house_3, grunt_orc_community_house_1,
          grunt_orc_community_house_1, grunt_orc_community_house_2,
          grunt_orc_community_house_3, uniq_saint_roka

Skill      XL: |  1  2  3  4  5  6  7  8  9 10 11 |
---------------+----------------------------------+-----
Short Blades   | 2 3 |  3.9
Fighting       | 1 2 4 |  4.2
Staves         | 1 3 4 5 8 10 11 12 | 12.6
Dodging        | 5 |  5.1
Poison Magic   | 2 |  2.2
Stealth        | |  3.2
Spellcasting   | |  1.5
Hexes          | |  2.4

Action                   |  1- 3 |  4- 6 |  7- 9 | 10-12 || total
-------------------------+-------+-------+-------+-------++-------
Melee: Dagger            |    77 |     4 |     5 |    34 ||   120
       Quarterstaff      |       |    63 |   295 |   385 ||   743
Throw: Throwing net      |       |       |       |     1 ||     1
 Cast: Corona            |     7 |       |       |       ||     7
       Ensorcelled Hiber |     5 |     2 |     8 |     6 ||    21
       Dazzling Spray    |       |       |     2 |     4 ||     6
       Confuse           |       |       |       |     3 ||     3
Evoke: Wand              |       |     1 |       |     2 ||     3
  Use: Scroll            |       |       |     8 |     7 ||    15
       Potion            |       |       |     2 |     5 ||     7
 Stab: Sleeping          |     7 |     6 |     4 |     1 ||    18
       Confused          |       |     1 |     3 |       ||     4
       Distracted        |       |     1 |       |       ||     1
       Paralysed         |       |       |       |     6 ||     6
       Invisible         |       |       |       |     3 ||     3
       Petrifying        |       |       |       |     1 ||     1
  Eat: Chunk             |       |     3 |     8 |    14 ||    25
       Ration            |       |       |     1 |       ||     1
Armor: Robe              |     9 |    15 |    62 |     3 ||    89
       Steam dragon scal |       |       |       |    68 ||    68
       Skin              |       |       |       |     7 ||     7
Dodge: Dodged            |    45 |    41 |   214 |   281 ||   581

Table legend:
 A = Non-vault XP
 B = Vault XP
 C = Vault XP percentage of total XP
 D = Non-vault monster count
 E = Vault monster count
 F = Vault count percentage of total count
                 A         B        C        D         E       F
            +---------+---------+-------+---------+---------+-------
      Total |    6819 |    5457 |  44.5 |     172 |      44 |  20.4
            +---------+---------+-------+---------+---------+-------
        D:1 |      27 |       0 |   0.0 |      14 |       0 |   0.0
        D:2 |      56 |      76 |  57.6 |      15 |       2 |  11.8
        D:3 |     204 |       0 |   0.0 |      14 |       0 |   0.0
        D:4 |     214 |       0 |   0.0 |       9 |       0 |   0.0
        D:5 |     209 |      99 |  32.1 |      13 |       1 |   7.1
        D:6 |     647 |       0 |   0.0 |      20 |       0 |   0.0
        D:7 |     881 |    3221 |  78.5 |      20 |      19 |  48.7
        D:8 |     682 |     100 |  12.8 |      15 |       1 |   6.2
        D:9 |    2807 |     281 |   9.1 |      39 |       8 |  17.0
       D:10 |     128 |     952 |  88.1 |       3 |       1 |  25.0
       D:11 |       0 |     353 | 100.0 |       0 |       1 | 100.0
      Orc:1 |      83 |       0 |   0.0 |       3 |       0 |   0.0
      Orc:2 |     881 |     375 |  29.9 |       7 |      11 |  61.1
            +---------+---------+-------+---------+---------+-------
